 Dungeon Crawl Stone Soup version 0.21.0-30-g47ce8e4 (webtiles) character file.

835 tidbits the Insei (level 7, -1/53 HPs)
             Began as a Gnoll Transmuter on Jan 29, 2018.
             Was an Initiate of Cheibriados.
             Slain by a hippogriff (4 damage)
             ... on level 9 of the Dungeon.
             The game lasted 00:11:04 (1288 turns).

tidbits the Insei (Gnoll Transmuter)                Turns: 1288, Time: 00:11:04

Health: -1/53      AC:  4    Str: 12 (15) XL:     7   Next: 98%
Magic:  1/17       EV: 15    Int: 17 (19) God:    Cheibriados [......]
Gold:   230        SH:  0    Dex: 13 (16) Spells: 11/17 levels left

rFire    . . .     SeeInvis .   a - +0 dagger
rCold    . . .     Gourm    .   (no shield)
rNeg     . . .     Faith    .   b - +0 robe
rPois    .         Spirit   .   (no helmet)
rElec    .         Reflect  .   C - +2 cloak
rCorr    .         Harm     .   (no gloves)
MR       .....                  (no boots)
Stlth    ++........             (no amulet)
HPRegen  0.17/turn              Y - +3 ring of slaying
MPRegen  0.15/turn              (no ring)

@: very slow
A: distributed training, fangs 1, deformed body, high mp 1, strong 1, strong
nose
a: Bend Time, Renounce Religion


You were on level 9 of the Dungeon.
You worshipped Cheibriados.
Cheibriados was noncommittal.
You were hungry.

You visited 2 branches of the dungeon, and saw 10 of its levels.

You collected 230 gold pieces.

Inventory:

Hand Weapons
 a - a +0 dagger (weapon)
 h - a +0 short sword
Missiles
 m - 34 bolts
 p - 24 arrows
 x - 48 sling bullets
Armour
 b - a +0 robe (worn)
 y - a +0 leather armour of poison resistance
   (You found it on level 8 of the Dungeon)
 C - a +2 cloak (worn)
Jewellery
 Y - a +3 ring of slaying (left hand)
   (You found it on level 7 of the Dungeon)
Wands
 v - a wand of polymorph (6)
 w - a wand of iceblast (10)
Scrolls
 f - 2 scrolls of immolation {unknown}
 g - a scroll of teleportation
 i - 2 scrolls of identify {unknown}
 j - a scroll of enchant weapon {unknown}
 n - 2 scrolls of fog
 q - a scroll of blinking {unknown}
 r - 4 scrolls of remove curse
 s - a scroll of fear {unknown}
 z - 2 scrolls of noise {unknown}
Potions
 k - a potion of mutation {!q}
 t - a potion of flight {unknown}
 u - a potion of magic {unknown}
 A - a potion of haste {unknown}
Books
 c - a book of Changes

   Spells                             Type                      Level
   a - Beastly Appendage              Transmutation                1
   b - Sticks to Snakes               Transmutation                2
   c - Spider Form                    Transmutation/Poison         3
   d - Ice Form                       Ice/Transmutation            4
   e - Blade Hands                    Transmutation                5
Comestibles
 d - 3 rations


   Skills:
 + Level 3.8 Fighting
 + Level 2.7 Short Blades
 + Level 2.7 Long Blades
 + Level 2.7 Axes
 + Level 2.7 Maces & Flails
 + Level 2.7 Polearms
 + Level 2.7 Staves
 + Level 2.7 Slings
 + Level 2.7 Bows
 + Level 2.7 Crossbows
 + Level 2.7 Throwing
 + Level 2.7 Armour
 + Level 5.4 Dodging
 + Level 2.7 Stealth
 + Level 2.7 Shields
 + Level 7.1 Unarmed Combat
 + Level 5.7 Spellcasting
 + Level 2.2 Conjurations
 + Level 2.2 Hexes
 + Level 2.2 Charms
 + Level 2.2 Summonings
 + Level 2.2 Necromancy
 + Level 2.2 Translocations
 + Level 4.4 Transmutations
 + Level 2.2 Fire Magic
 + Level 2.2 Ice Magic
 + Level 2.2 Air Magic
 + Level 2.2 Earth Magic
 + Level 2.2 Poison Magic
 + Level 3.0 Invocations
 + Level 2.7 Evocations


You had 11 spell levels left.
You knew the following spells:

 Your Spells              Type           Power        Failure   Level  Hunger
e - Beastly Appendage     Tmut           ###...       1%          1    None
k - Sticks to Snakes      Tmut           ###.....     3%          2    #......
p - Spider Form           Tmut/Pois      ###.......   10%         3    ##.....


Dungeon Overview and Level Annotations

Branches:
Dungeon (9/15)             Temple (1/1) D:7
   Lair: D:8-11         Orc: D:9-12

Altars:
Cheibriados
Fedhas
Hepliaklqana
Nemelex Xobeh
Uskayaw
Xom

Annotations:
D:3 Terence
D:5 HEYYEYAAE's ghost, novice NaGl
D:9 Grum


Innate Abilities, Weirdness & Mutations

Your experience applies equally to all skills.
You have very sharp teeth.
Your uncanny sense of smell can sniff out nearby items.
Armour fits poorly on your strangely shaped body.
You have an increased reservoir of magic. (+10% MP)
Your muscles are strong. (Str +2)


Message History

Unknown command.
As you read the scroll labeled GEILIS ZARCH, it crumbles to dust.
You feel blessed for a moment.
It was a scroll of remove curse.
The wolf misses you.
The worker ant barely misses your ball python.
The wolf barely misses your ball python.
Your ball python bites the worker ant but does no damage.
Your ball python constricts the worker ant.
The wolf completely misses you.
As you read the scroll labeled RECOEH UFFIOKK, it crumbles to dust.
You feel strangely unstable.
It was a scroll of teleportation.
Your transformation has ended.
Your +0 dagger unmelds from your body.
Your +2 cloak unmelds from your body.
Your +0 robe unmelds from your body.
The wolf bites your ball python!
Your ball python dies!
The wolf bites you! Grum hits you from afar with a glaive!
The worker ant bites you.
* * * LOW HITPOINT WARNING * * *
The wolf bites you!
* * * LOW HITPOINT WARNING * * *
Unknown command.
It was a potion of mutation.
You feel extremely strange.
Your body twists and deforms.
Your bones become slightly less dense.
Your regeneration stops near monsters.
Your toenails lengthen and sharpen.
The wolf misses you.
The worker ant bites you but does no damage.
Okay, then.
Your surroundings suddenly seem different.
Found a robe, a ration and 18 gold pieces.
Found an escape hatch in the ceiling.
Found a stone staircase leading down. 2 bullfrogs, a hungry ghost, a zombie and a skeleton come into view.
Okay, then.
Really quaff
k - 2 potions of mutation {!q}?
You feel extremely strange.
Your talons dull and shrink into feet.
You begin to regenerate regardless of the presence of monsters.
Your skeletal structure returns to normal.
You feel more energetic.
You feel stronger.
Unknown command.
Okay, then.
Unknown command.
Okay, then.
Okay, then.
Unknown command.
Okay, then.
As you read the scroll of teleportation, it crumbles to dust.
You feel strangely unstable.
The bullfrog gives a loud, deep croak!
Unknown command.
Casting: Sticks to Snakes
Confirm with . or Enter, or press ? or * to list all spells.
You miscast Spider Form.
You feel sick.
The bullfrog croaks.
The hungry ghost hits you.
You are feeling hungry.
Casting: Spider Form
Confirm with . or Enter, or press ? or * to list all spells.
You don't have enough magic to cast that spell.
The bullfrog hits you but does no damage.
The bullfrog barely misses you.
Unknown command.
Your surroundings suddenly seem different.
A hippogriff comes into view.
The hippogriff screeches!
The hippogriff bites you.
* * * LOW HITPOINT WARNING * * *
The hippogriff misses you. The hippogriff completely misses you.
The hippogriff barely misses you. The hippogriff pecks you.
* * * LOW HITPOINT WARNING * * *
The hippogriff closely misses you.
Found four items.
Found a stone staircase leading down.
An orc wizard comes into view. It is wielding a dagger.
It was a potion of degeneration.
There was something very wrong with that liquid.
You feel weakened.
You feel dopey.
You feel clumsy.
The hippogriff bites you but does no damage.
The hippogriff closely misses you. The hippogriff completely misses you.
It was a potion of cancellation.
You feel magically purged.
Your magical contamination has completely faded away.
The hippogriff barely misses you. The hippogriff closely misses you.
The hippogriff claws you but does no damage.
It was a potion of curing.
You feel better.
The orc wizard gestures at you while chanting.
The puff of flame hits you!
* * * LOW HITPOINT WARNING * * *
The hippogriff bites you.
* * * LOW HITPOINT WARNING * * *
The hippogriff barely misses you. The hippogriff claws you.
* * * LOW HITPOINT WARNING * * *
As you read the scroll labeled FIKLEJ QITE, it crumbles to dust.
The scroll dissolves into smoke.
It was a scroll of fog.
The orc wizard gestures at you while chanting.
The magic dart hits you!
* * * LOW HITPOINT WARNING * * *
The hippogriff closely misses you.
The hippogriff pecks you but does no damage.
The hippogriff claws you.
You die...

#.# ..
####.####
#.>.....#
#.......#
#........
#o§....[#
#@§...?.#
#H§....!#
#.§§....#
#.......#
#########


You could see a hippogriff and an orc wizard.

Vanquished Creatures
  A phantom (D:4)
  A wolf (D:9)
  An ogre (D:5)
  A bullfrog (D:7)
  3 scorpions
  A howler monkey (D:4)
  2 jellies (D:7)
  An orc priest (D:3)
  2 bullfrog skeletons
  3 worker ants
  2 iguanas
  4 adders
  A shadow imp (D:9)
  A dart slug (D:2)
  A leopard gecko (D:3)
  3 orcs (D:3)
  4 bats
  4 giant cockroaches
  4 goblins
  9 jackals
  2 kobolds (D:1)
  3 ball pythons
  2 frilled lizards
  A quokka zombie (D:8)
  3 rats
60 creatures vanquished.

Vanquished Creatures (collateral kills)
  An adder skeleton (D:9)
  An orc (D:9)
  2 jackals (D:1)
  A rat (D:1)
5 creatures vanquished.

Grand Total: 65 creatures vanquished

Notes
Turn   | Place    | Note
-------+----------+-------------------------------------------
     0 | D:1      | tidbits the Gnoll Transmuter began the quest for the Orb.
     0 | D:1      | Reached XP level 1. HP: 17/17 MP: 6/6
    77 | D:2      | Reached XP level 2. HP: 14/23 MP: 7/7
    81 | D:2      | Learned a level 2 spell: Sticks to Snakes
   193 | D:2      | Found a hide-covered altar of Uskayaw.
   267 | D:2      | Reached skill level 5 in Spellcasting
   267 | D:2      | Reached XP level 3. HP: 11/28 MP: 4/9
   274 | D:2      | Learned a level 3 spell: Spider Form
   394 | D:4      | Noticed a phantom
   434 | D:3      | Reached skill level 1 in Invocations
   523 | D:3      | Reached skill level 1 in Short Blades
   523 | D:3      | Reached skill level 1 in Long Blades
   523 | D:3      | Reached skill level 1 in Axes
   523 | D:3      | Reached skill level 1 in Maces & Flails
   523 | D:3      | Reached skill level 1 in Polearms
   523 | D:3      | Reached skill level 1 in Staves
   523 | D:3      | Reached skill level 1 in Slings
   523 | D:3      | Reached skill level 1 in Bows
   523 | D:3      | Reached skill level 1 in Crossbows
   523 | D:3      | Reached skill level 1 in Throwing
   523 | D:3      | Reached skill level 1 in Armour
   523 | D:3      | Reached skill level 1 in Stealth
   523 | D:3      | Reached skill level 1 in Shields
   523 | D:3      | Reached skill level 1 in Evocations
   523 | D:3      | Reached XP level 4. HP: 30/34 MP: 7/11
   649 | D:3      | Noticed Terence
   661 | D:4      | Reached skill level 1 in Conjurations
   661 | D:4      | Reached skill level 1 in Hexes
   661 | D:4      | Reached skill level 1 in Charms
   661 | D:4      | Reached skill level 1 in Summonings
   661 | D:4      | Reached skill level 1 in Necromancy
   661 | D:4      | Reached skill level 1 in Translocations
   661 | D:4      | Reached skill level 1 in Fire Magic
   661 | D:4      | Reached skill level 1 in Ice Magic
   661 | D:4      | Reached skill level 1 in Air Magic
   661 | D:4      | Reached skill level 1 in Earth Magic
   661 | D:4      | Reached skill level 1 in Poison Magic
   661 | D:4      | Reached XP level 5. HP: 40/40 MP: 8/12
   678 | D:4      | Reached skill level 3 in Fighting
   689 | D:4      | Killed a phantom
   689 | D:4      | Reached skill level 4 in Transmutations
   689 | D:4      | Reached skill level 2 in Invocations
   689 | D:4      | Reached XP level 6. HP: 28/47 MP: 7/13
   693 | D:5      | Entered Level 5 of the Dungeon
   701 | D:5      | Reached skill level 2 in Short Blades
   701 | D:5      | Reached skill level 2 in Long Blades
   701 | D:5      | Reached skill level 2 in Axes
   701 | D:5      | Reached skill level 2 in Maces & Flails
   701 | D:5      | Reached skill level 2 in Polearms
   701 | D:5      | Reached skill level 2 in Staves
   701 | D:5      | Reached skill level 2 in Slings
   701 | D:5      | Reached skill level 2 in Bows
   701 | D:5      | Reached skill level 2 in Crossbows
   701 | D:5      | Reached skill level 2 in Throwing
   701 | D:5      | Reached skill level 2 in Armour
   701 | D:5      | Reached skill level 5 in Dodging
   701 | D:5      | Reached skill level 2 in Stealth
   701 | D:5      | Reached skill level 2 in Shields
   701 | D:5      | Reached skill level 2 in Evocations
   729 | D:5      | Noticed HEYYEYAAE's ghost (novice NaGl)
   834 | D:6      | Reached XP level 7. HP: 32/52 MP: 8/15
   932 | D:7      | Found a staircase to the Ecumenical Temple.
   948 | Temple   | Entered the Ecumenical Temple
   969 | Temple   | Became a worshipper of Cheibriados the Contemplative
  1020 | D:7      | Reached skill level 7 in Unarmed Combat
  1047 | D:7      | Reached skill level 2 in Conjurations
  1047 | D:7      | Reached skill level 2 in Hexes
  1047 | D:7      | Reached skill level 2 in Charms
  1047 | D:7      | Reached skill level 2 in Summonings
  1047 | D:7      | Reached skill level 2 in Necromancy
  1047 | D:7      | Reached skill level 2 in Translocations
  1047 | D:7      | Reached skill level 2 in Fire Magic
  1047 | D:7      | Reached skill level 2 in Ice Magic
  1047 | D:7      | Reached skill level 2 in Air Magic
  1047 | D:7      | Reached skill level 2 in Earth Magic
  1047 | D:7      | Reached skill level 2 in Poison Magic
  1087 | D:7      | Found the +7 Kryia's mail coat {PotionHeal*2 rC+}
  1267 | D:9      | Reached skill level 3 in Invocations
  1274 | D:9      | Noticed Grum
  1278 | D:9      | Gained mutation: Armour fits poorly on your strangely shaped body. [potion of mutation]
  1278 | D:9      | Gained mutation: You have a somewhat thin skeletal structure. (Dex +2, Stealth) [potion of mutation]
  1278 | D:9      | Gained mutation: You do not regenerate when monsters are visible. [potion of mutation]
  1278 | D:9      | Gained mutation: You have sharp toenails. [potion of mutation]
  1280 | D:9      | Noticed a hungry ghost
  1280 | D:9      | Lost mutation: You have sharp toenails. [potion of mutation]
  1280 | D:9      | Lost mutation: You do not regenerate when monsters are visible. [potion of mutation]
  1280 | D:9      | Lost mutation: You have a somewhat thin skeletal structure. (Dex +2, Stealth) [potion of mutation]
  1280 | D:9      | Gained mutation: You have an increased reservoir of magic. (+10% MP) [potion of mutation]
  1280 | D:9      | Gained mutation: Your muscles are strong. (Str +2) [potion of mutation]
  1284 | D:9      | Noticed a hippogriff
  1288 | D:9      | HP: 3/53 [orc wizard/magic dart (6)]
  1288 | D:9      | Slain by a hippogriff

Skill      XL: |  1  2  3  4  5  6  7 |
---------------+----------------------+-----
Spellcasting   | 5 |  5.7
Invocations    | 1 2 3 |  3.0
Short Blades   | 1 2 |  2.7
Long Blades    | 1 2 |  2.7
Axes           | 1 2 |  2.7
Maces & Flails | 1 2 |  2.7
Polearms       | 1 2 |  2.7
Staves         | 1 2 |  2.7
Slings         | 1 2 |  2.7
Bows           | 1 2 |  2.7
Crossbows      | 1 2 |  2.7
Throwing       | 1 2 |  2.7
Armour         | 1 2 |  2.7
Stealth        | 1 2 |  2.7
Shields        | 1 2 |  2.7
Evocations     | 1 2 |  2.7
Conjurations   | 1 2 |  2.2
Hexes          | 1 2 |  2.2
Charms         | 1 2 |  2.2
Summonings     | 1 2 |  2.2
Necromancy     | 1 2 |  2.2
Translocations | 1 2 |  2.2
Fire Magic     | 1 2 |  2.2
Ice Magic      | 1 2 |  2.2
Air Magic      | 1 2 |  2.2
Earth Magic    | 1 2 |  2.2
Poison Magic   | 1 2 |  2.2
Fighting       | 3 |  3.8
Transmutations | 4 |  4.4
Dodging        | 5 |  5.4
Unarmed Combat | 7 |  7.1

Action                   |  1- 3 |  4- 6 |  7- 9 || total
-------------------------+-------+-------+-------++-------
Melee: Unarmed           |    58 |    50 |    51 ||   159
       Headbutt          |     2 |       |       ||     2
       Bite              |     1 |       |     1 ||     2
       Kick              |     1 |       |       ||     1
       Dagger            |       |       |     4 ||     4
 Cast: Beastly Appendage |    10 |       |       ||    10
       Sticks to Snakes  |     6 |     5 |    15 ||    26
       Spider Form       |     8 |     7 |     8 ||    23
  Use: Scroll            |       |       |     5 ||     5
       Potion            |       |       |     5 ||     5
 Stab: Sleeping          |     1 |       |     2 ||     3
       Distracted        |       |     1 |       ||     1
  Eat: Chunk             |       |     1 |     2 ||     3
Armor: Robe              |     2 |     1 |     8 ||    11
       Skin              |     1 |     1 |     3 ||     5
Dodge: Dodged            |    42 |    27 |    65 ||   134

Table legend:
 A = Turns spent in this place as a percentage of turns spent in the entire game.
 B = Non-inter-level travel turns spent in this place as a percentage of non-inter-level travel turns spent in the entire game.
 C = Inter-level travel turns spent in this place as a percentage of turns spent in this place.
 D = Turns resting spent in this place as a percentage of non-inter-level travel turns spent in this place.
 E = Turns spent auto-exploring this place as a percentage of non-inter-level travel turns spent in this place.
 F = Non-inter-level travel turns spent in this place divided by the number of levels of this place that you've seen.
                   A       B       C       D       E      F
               +-------+-------+-------+-------+-------+----------------------
         Total | 100.0 | 100.0 |   0.9 |   0.0 |   0.0 | 127.7
       Dungeon |  96.7 |  96.6 |   0.9 |   0.0 |   0.0 | 137.1
        Temple |   3.3 |   3.4 |   0.0 |   0.0 |   0.0 |  43.0
               +-------+-------+-------+-------+-------+----------------------

Table legend:
 A = Kills in this place as a percentage of kills in entire the game.
 B = Kills by you in this place as a percentage of kills by you in the entire game.
 C = Kills by friends in this place as a percentage of kills by friends in the entire game.
 D = Other kills in this place as a percentage of other kills in the entire game.
 E = Experience gained in this place as a percentage of experience gained in the entire game.
 F = Experience gained in this place divided by the number of levels of this place that you have seen.
                   A       B       C       D       E      F
               +-------+-------+-------+-------+-------+----------------------
         Total | 100.0 | 100.0 | 100.0 |   N/A | 100.0 | 119.3
       Dungeon | 100.0 | 100.0 | 100.0 |   N/A | 100.0 | 132.6
               +-------+-------+-------+-------+-------+----------------------

Vault maps used:
D:1:      giann_forest_graveyard
D:2:      marbit_many_paths
D:3:      nicolae_tso_swordbearing_angel, uniq_terence
D:4:      first_ration, enter_ossuary_3
D:5:      nicolae_ru_awakened_eye
D:7:      kennysheep_orc_sif_temple, minmay_temple_entry_trees, uniq_joseph
D:8:      cheibrodos_frozen_isle
D:9:      hangedman_fish_farm, uniq_grum
Temple:   roderic_octagonal_lattice_temple
